 Dungeon Crawl Stone Soup version 0.30-a0-591-g3c58d2bc28 (webtiles) character file.

Game seed: 8637702249381874063

420 wormed the Changer (level 6, -6/49 HPs)
             Began as an Octopode Transmuter on Jan 4, 2023.
             Mangled by a hornet (10 damage)
             ... while paralysed by a hornet
             ... on level 5 of the Dungeon.
             The game lasted 00:05:20 (4223 turns).

wormed the Changer (Octopode Transmuter)            Turns: 4223, Time: 00:05:21

Health: -6/49      AC:  6    Str: 10    XL:     6   Next: 94%
Magic:  4/10       EV:  1    Int: 17    God:
Gold:   238        SH:  0    Dex: 12    Spells: 4/11 levels left

rFire   x . .      SeeInvis .      - Unarmed
rCold   + + +      Faith    .    (shield currently unavailable)
rNeg    + . .      Spirit   .    (helmet currently unavailable)
rPois   +          Reflect  .    (no amulet)
rElec   .          Harm     .    h - ring of positive energy
rCorr   .          Rampage  .    e - ring of willpower
Will    +....                    (no ring)
Stlth   +                        (no ring)
HPRegen 0.28/turn                (no ring)
MPRegen 0.12/turn                (no ring)
                                 (no ring)
                                 (no ring)

@: paralysed, lethally poisoned (-6 -> -19), ice-form, slowed
A: freezing attack, boosted hp, almost no armour, amphibious, 8 rings, large,
(camouflage 1), (gelatinous body 1), (nimble swimmer 1), (tentacles)
a: End Transformation


You were on level 5 of the Dungeon.
You were a creature of crystalline ice.
You visited 1 branch of the dungeon, and saw 5 of its levels.

You collected 238 gold pieces.

Inventory:

Armour
 m - a +1 hat (melded)
Jewellery
 e - a ring of willpower (right front paw)
 h - a ring of positive energy (left front paw)
Potions
 a - a potion of cancellation
 b - 2 potions of might
 c - 2 potions of resistance
 d - a potion of haste {unknown}
 g - 2 potions of curing
 j - a potion of magic
 l - a potion of attraction


   Skills:
 + Level 2.6 Fighting
 + Level 3.1 Dodging
 + Level 3.8 Unarmed Combat
 + Level 3.0 Spellcasting
 * Level 4.2 Transmutations
 + Level 2.3 Ice Magic


You had 4 spell levels left.
You knew the following spells:

 Your Spells              Type           Power      Damage    Failure   Level
a - Beastly Appendage     Tmut           32%        N/A       3%          1
b - Wereblood             Tmut           16%        N/A       4%          2
c - Ice Form              Ice/Tmut       13%        N/A       41%         4

Your spell library contained the following spells:

 Spells                   Type           Power      Damage    Failure   Level
 Spider Form              Tmut/Pois      9%         N/A       22%         3


Dungeon Overview and Level Annotations

Branches:
Dungeon (5/15)             Temple (0/1) D:4

Altars:
Ashenzari
The Shining One

Shops:
D:4 ?

Annotations:
D:3 1 transporter, Sigmund


Innate Abilities, Weirdness & Mutations

You are a creature of crystalline ice.
You have a powerful freezing melee attack.
Your maximum health is increased.
Your armour is entirely melded.
You are incapable of wielding weapons or throwing items.
You cannot wear most types of armour.
You are amphibious.
You can wear up to eight rings at the same time.
((Your skin changes colour to match your surroundings (Stealth+).))
((Your rubbery body absorbs attacks. (AC +1, EV +1)))
((You are camouflaged when in or above water. (Stealth+)))
((You have tentacles for arms and can constrict up to eight enemies at once.))


Message History

There is a stone staircase leading down here.
There is a stone staircase leading down here.
There is a stone staircase leading down here.
You climb downwards.
There is a stone staircase leading up here.
Casting: Ice Form (extremely dangerous; 41% risk of failure)
Confirm with . or Enter, or press ? or * to list all spells.
The spell is extremely dangerous to miscast (41% risk of failure)!
Continue anyway?
You miscast Ice Form.
You are very lightly contaminated with residual magic.
Nothing appears to happen.
Casting: Ice Form (extremely dangerous; 41% risk of failure)
Confirm with . or Enter, or press ? or * to list all spells.
The spell is extremely dangerous to miscast (41% risk of failure)!
Continue anyway?
You turn into a creature of crystalline ice.
Your +1 hat melds into your body.
Your magical contamination has completely faded away.
A hornet is nearby!
The hornet buzzes angrily.
You hear a shout!
You barely miss the hornet. The hornet closely misses you.
You punch the hornet! You freeze the hornet.
The hornet is moderately wounded.
The hornet stings you.
You feel yourself slow down.
The hornet stings you but does no damage.
You hit the hornet. You freeze the hornet.
The hornet is heavily wounded.
The hornet stings you!
You are poisoned.
You suddenly lose the ability to move!
The hornet stings you.
You are more poisoned.
You feel as though you will be slow longer.
You feel very sick. The hornet stings you!
* * * LOW HITPOINT WARNING * * *
You shrug off the repeated paralysis!
The hornet stings you.
* * * LOW HITPOINT WARNING * * *
* * * LOW HITPOINT WARNING * * *
You feel very sick. The hornet stings you!
You die...

.# #.##########.#
.###.#..........#
.'lo.y......>#######
.###.#o<............
.# #.#.†..##.#######
.# #.#....#........#
.# #.#....#..#####.#
.# #.#....#....l.#
## #.#....#...#yY#
#.#....#...####
#...÷#....
#....#..###
#....#..# #....#..#
......#..# ####...#
....#


You could see a hornet and an iguana.

Vanquished Creatures
  A black bear (D:4)
  A bullfrog (D:4)
  A scorpion (D:5)
  An iguana (D:5)
  2 orc wizards
  7 adders
  2 dart slugs
  6 orcs
  6 ball pythons
  2 endoplasms
  3 giant cockroaches
  5 goblins (D:1)
  7 hobgoblins
  4 jackals (D:3)
  3 kobolds
  4 quokkas
  2 bats
  6 frilled lizards
  5 rats
68 creatures vanquished.

Notes
Turn   | Place    | Note
-------+----------+-------------------------------------------
     0 | D:1      | wormed the Octopode Transmuter began the quest for the Orb.
     0 | D:1      | Reached XP level 1. HP: 13/13 MP: 3/3
   174 | D:1      | Reached XP level 2. HP: 15/18 MP: 1/5
  1064 | D:2      | Learned a level 2 spell: Wereblood
  1081 | D:2      | Reached XP level 3. HP: 23/23 MP: 2/6
  1520 | D:2      | Reached skill level 1 in Ice Magic
  1520 | D:2      | Reached XP level 4. HP: 28/28 MP: 3/7
  1603 | D:2      | Reached skill level 3 in Transmutations
  1870 | D:2      | Found a faded altar of an unknown god.
  2089 | D:3      | Noticed Sigmund
  2430 | D:3      | Found a transporter.
  2447 | D:3      | Reached XP level 5. HP: 16/34 MP: 5/8
  2753 | D:4      | Learned a level 4 spell: Ice Form
  2792 | D:4      | Found Keeruux's Magic Scroll Boutique.
  2878 | D:4      | Found a broken altar of Ashenzari.
  2901 | D:4      | Noticed a black bear
  2989 | D:4      | Killed a black bear
  2990 | D:4      | Reached XP level 6. HP: 40/40 MP: 6/10
  3171 | D:4      | Found a glowing golden altar of the Shining One.
  3423 | D:4      | Found a staircase to the Ecumenical Temple.
  3723 | D:5      | Entered Level 5 of the Dungeon
  4073 | D:5      | Reached skill level 4 in Transmutations
  4163 | D:5      | Noticed a hornet
  4221 | D:5      | Paralysed by a hornet for 3 turns
  4223 | D:5      | Mangled by a hornet

Illustrated notes

Levels and vault maps discovered:
D:1:      elethiomel_arrival_maze, layout_basic, minmay_pentomino_x4
D:2:      layout_basic, shapermc_ecumenical_altar_mp_urbaneastern
D:3:      gammafunk_wand_slinger, layout_basic, minivault_19, uniq_sigmund
D:4:      layout_cave_pools, mainiacjoe_overflow_boulevard,
          nicolae_tso_swordbearing_angel, minmay_temple_entry_nine_rooms,
          serial_shops, nicolae_diamond_shop, kennysheep_generic_room_13
D:5:      layout_basic, nicolae_shop_firing_range

Skill      XL: |  1  2  3  4  5  6 |
---------------+-------------------+-----
Ice Magic      | 1 2 |  2.3
Transmutations | 3 4 |  4.2
Fighting       | 2 |  2.6
Dodging        | 3 |  3.1
Spellcasting   | 3 |  3.0
Unarmed Combat | |  3.8

Action                   |  1- 3 |  4- 6 || total
-------------------------+-------+-------++-------
Melee: Unarmed           |    54 |    94 ||   148
       Constrict         |    15 |    17 ||    32
       Tentacles         |    14 |    12 ||    26
       Kick              |    14 |    18 ||    32
 Cast: Beastly Appendage |    19 |    15 ||    34
       Wereblood         |     6 |    13 ||    19
       Ice Form          |       |     6 ||     6
  Use: Scroll            |     7 |     9 ||    16
       Potion            |       |     3 ||     3
 Stab: Sleeping          |     2 |     3 ||     5
Armor: Skin              |       |    39 ||    39
Dodge: Dodged            |    27 |    54 ||    81

Table legend: (Time is in decaauts)
 A = Elapsed time spent in this place.
 B = Non-inter-level travel time spent in this place.
 C = Inter-level travel time spent in this place.
 D = Time resting spent in this place.
 E = Time spent auto-exploring this place.
 F = Levels seen in this place.
 G = Mean time per level.
                   A        B        C        D        E       F      G
               +--------+--------+--------+--------+--------+-----+--------+
         Total |   4213 |   4014 |    199 |    506 |   2867 |   5 |  842.6 |
       Dungeon |   4213 |   4014 |    199 |    506 |   2867 |   5 |  842.6 |
               +--------+--------+--------+--------+--------+-----+--------+

Top non-repeatable levels by time:
     D:4: 1217 daAuts
     D:1: 1025 daAuts
     D:2: 1016 daAuts
     D:3: 682 daAuts
     D:5: 272 daAuts
